 Dungeon Crawl Stone Soup version 0.29.1-1-gd02db6906a (webtiles) character file.

Game seed: 5337219505169508059

11 RogueRain17 the Conjurer (level 2, 0/20 HPs)
             Began as a Demigod Conjurer on Sept 24, 2022.
             Slain by an adder (3 damage)
             ... on level 2 of the Dungeon.
             The game lasted 00:00:44 (384 turns).

RogueRain17 the Conjurer (Demigod Conjurer)          Turns: 384, Time: 00:00:44

Health: 0/20       AC:  2    Str:  8    XL:     2   Next: 3%
Magic:  1/7        EV: 12    Int: 20    God:
Gold:   13         SH:  0    Dex: 12    Spells: 3/4 levels left

rFire   . . .      SeeInvis .   (no weapon)
rCold   . . .      Faith    .   (no shield)
rNeg    . . .      Spirit   .   a - +0 robe
rPois   .          Reflect  .   (no helmet)
rElec   .          Harm     .   (no cloak)
rCorr   .          Rampage  .   (no gloves)
Will    .....                   (no boots)
Stlth   ++........              (no amulet)
HPRegen 0.06/turn               (no ring)
MPRegen 0.10/turn               (no ring)

@: lethally poisoned (0 -> -6)
A: high MP 1, forlorn, divine attributes
a: no special abilities


You were on level 2 of the Dungeon.
You visited 1 branch of the dungeon, and saw 2 of its levels.

You collected 13 gold pieces.

Inventory:

Armour
 a - a +0 robe (worn)
Potions
 b - a potion of magic
 c - a potion of curing {unknown}


   Skills:
 - Level 1.7 Dodging
 - Level 1.7 Stealth
 - Level 1.7 Spellcasting
 + Level 4.1 Conjurations


You had 3 spell levels left.
You knew the following spells:

 Your Spells              Type           Power      Damage    Failure   Level
a - Magic Dart            Conj           72%        1d6       3%          1

Your spell library contained the following spells:

 Spells                   Type           Power      Damage    Failure   Level
 Searing Ray              Conj           36%        2d5       4%          2
 Dazzling Flash           Conj/Hex       20%        N/A       21%         3
 Fulminant Prism          Conj/Hex       5%         3d7       56%         4
 Iskenderun's Mystic Bla  Conj/Tloc      10%        2d4       56%         4


Dungeon Overview and Level Annotations

Branches:
Dungeon (1/15)


Innate Abilities, Weirdness & Mutations

You have an increased reservoir of magic. (+10% MP)
You shall have no god before yourself.
Your divine heritage dramatically boosts your attributes as you level up.


Message History

An endoplasm is nearby!
The magic dart hits the endoplasm.
The endoplasm is almost dead.
The endoplasm quivers.
The magic dart hits the endoplasm.
You kill the endoplasm!
An adder comes into view.
An adder is nearby!
The magic dart hits the adder but does no damage.
The adder hisses angrily.
A bat comes into view.
The bat hits you.
The magic dart hits the bat.
You kill the bat!
A rat comes into view.
You have reached level 2!
The adder barely misses you.
You hit the adder but do no damage. The adder bites you.
You are poisoned.
The adder poisons you!
The magic dart hits the adder.
The adder is moderately wounded.
You feel sick. The adder bites you.
You closely miss the adder.
The adder is moderately wounded.
You feel sick. The adder misses you.
You hit the adder.
The adder is heavily wounded.
You feel sick. The adder closely misses you. The adder barely misses you.
You miss the adder.
The adder is heavily wounded.
You feel sick. The adder bites you.
* * * LOW HITPOINT WARNING * * *
You are lethally poisoned!
The adder poisons you!
You completely miss the adder.
The adder is heavily wounded.
* * * LOW HITPOINT WARNING * * *
You feel sick. The adder bites you.
You die...

..#
#..............#.###.......##
..#
...##................#...#...
..# #...)....................
..#
...........#..............
......
.###.......#..............
......
#..#####..#+#...........
......
..#.###.#.........#.#..#
...... .# #.#.#.#.#......#
.....[ #?#@##........# ......
#S###........#
#r#.##........# #.#
#.#........# #.# #...#...###
..# ......... ##. ..# . .# .
..


You could see an adder and a rat.

Vanquished Creatures
  An endoplasm (D:2)
  2 giant cockroaches (D:1)
  2 goblins
  A hobgoblin (D:1)
  2 bats
  A frilled lizard (D:2)
9 creatures vanquished.

Vanquished Creatures (others)
  2 fungi (D:2)
  8 plants (D:2)
10 creatures vanquished.

Grand Total: 19 creatures vanquished

Notes
Turn   | Place    | Note
-------+----------+-------------------------------------------
     0 | D:1      | RogueRain17 the Demigod Conjurer began the quest for the
                  | Orb.
     0 | D:1      | Reached XP level 1. HP: 14/14 MP: 5/5
   282 | D:1      | You fall into a shaft and drop 1 floor!
   285 | D:2      | Reached skill level 4 in Conjurations
   378 | D:2      | Reached XP level 2. HP: 18/20 MP: 1/7
   384 | D:2      | Slain by an adder

Illustrated notes

Levels and vault maps discovered:
D:1:      lemuel_arrival_tunnels, layout_basic
D:2:      layout_basic, shapermc_ecumenical_altar_hornbeckon, minmay_circle_x

Skill      XL: |  1 |
---------------+----+-----
Conjurations   | 4 |  4.1
Dodging        | |  1.7
Stealth        | |  1.7
Spellcasting   | |  1.7

Action                   || total
-------------------------++-------
Melee: Unarmed           ||     5
 Cast: Magic Dart        ||    22
Armor: Robe              ||     2
Dodge: Dodged            ||     6
